 Dungeon Crawl Stone Soup version 0.22-a0-525-gf69a0803ab (webtiles) character file.

88 Ireaine the Chopper (level 4, 0/42 HPs)
             Began as a Naga Berserker on June 21, 2018.
             Was a Follower of Trog.
             Slain by an ooze (3 damage)
             ... on level 2 of the Dungeon.
             The game lasted 00:04:12 (1800 turns).

Ireaine the Chopper (Naga Berserker)                Turns: 1800, Time: 00:04:13

Health: 0/42       AC: -4    Str: 21    XL:     4   Next: 54%
Magic:  4/4        EV:  4    Int:  7    God:    Trog [*.....]
Gold:   123        SH:  0    Dex: 10    Spells: 3/3 levels left

rFire    . . .     SeeInvis +   a - +1 hand axe
rCold    . . .     Gourm    .   (no shield)
rNeg     . . .     Faith    .   b - +0 plate armour
rPois    +         Spirit   .   (no helmet)
rElec    .         Reflect  .   (no cloak)
rCorr    .         Harm     .   (no gloves)
MR       .....                  (no barding)
Stlth    ..........             (no amulet)
HPRegen  0.14/turn              (no ring)
MPRegen  0.09/turn              (no ring)

@: corroded, hasted, quick
A: large, see invisible, deformed body, poison resistance, slowness 2, slow
metabolism 1, spit poison 1, AC +1
a: Spit Poison, Berserk, Renounce Religion


You were on level 2 of the Dungeon.
You worshipped Trog.
Trog was aware of your devotion.
You were not hungry.

You visited 1 branch of the dungeon, and saw 2 of its levels.

You collected 123 gold pieces.

Inventory:

Hand Weapons
 a - a +1 hand axe (weapon)
Armour
 b - a +0 plate armour (worn)
 f - a +2 helmet
Comestibles
 c - 3 rations


   Skills:
 + Level 3.5 Fighting
 * Level 4.0 Axes
 + Level 2.1 Armour
 + Level 2.1 Dodging


You had 3 spell levels left.
You didn't know any spells.
Your spell library was empty.

Dungeon Overview and Level Annotations

Branches:
Dungeon (2/15)

Altars:
Ru
The Shining One


Innate Abilities, Weirdness & Mutations

You cannot wear boots.
Your serpentine skin is tough. (AC +1)
You have supernaturally acute eyesight. (SInv)
Armour fits poorly on your strangely shaped body.
Your system is resistant to poisons. (rPois)
You cover ground very slowly.
You have a slow metabolism.
You can spit poison.


Message History

You aren't carrying any scrolls.
It was a potion of curing.
You feel better. The ooze completely misses you. The ooze barely misses you.
The jelly hits the fungus.
The fungus is splashed with acid.
The jelly barely misses you.
It was a potion of haste.
You feel yourself speed up. The ooze barely misses you. The ooze hits you.
The jelly hits the fungus.
The fungus is splashed with acid.
The acid corrodes the fungus!
The fungus is destroyed!
The jelly hits you. The acid corrodes you!
You are splashed with acid!
The acid burns!
* * * LOW HITPOINT WARNING * * *
You hit the jelly but do no damage.
Your hands burn!
* * * LOW HITPOINT WARNING * * *
The jelly is moderately wounded.
You hit the ooze but do no damage.
Your plate armour prevents you from hitting the ooze.
The ooze hits you.
* * * LOW HITPOINT WARNING * * *
The ooze hits you.
You die...

...#.###...# #.#...#.#.#..#.##.#
...#.###...###.#[###.#.#..#.##.##
.#.#.#<........#<....#.#..#......
.................................
.................................
...#...##############........(...
..(#.### ####### #######....##
..)#.# #.÷÷..J############....>
...#.### #.÷P.JJ@##......####....
.......# #...÷JJ#.#......)##.....
..#....# #P..PJJ#.#......)(((....
.......# #.....J#)#......))'...##
.......# #...P.P#.#'#......'...#
...#.#.# #...÷..#.#.#.....##...#
...#.#.###.P..P.#(#.#....###...#
##......##%....J##(#########.#.#
........# ### #..#.##


You could see 3 jellies and 6 oozes.

Vanquished Creatures
  Terence (D:2)
  3 oozes
  2 worms (D:2)
  A dart slug (D:1)
  A leopard gecko (D:1)
  6 bats
  4 giant cockroaches
  6 hobgoblins
  9 kobolds
  A quokka (D:2)
  3 goblins
  3 rats
40 creatures vanquished.

Vanquished Creatures (others)
  A fungus (D:2)
  9 toadstools (D:2)
10 creatures vanquished.

Grand Total: 50 creatures vanquished

Notes
Turn   | Place    | Note
-------+----------+-------------------------------------------
     0 | D:1      | Ireaine the Naga Berserker began the quest for the Orb.
     0 | D:1      | Reached XP level 1. HP: 21/21 MP: 1/1
   272 | D:1      | Reached XP level 2. HP: 25/28 MP: 2/2
   726 | D:2      | Reached XP level 3. HP: 34/34 MP: 3/3
   796 | D:2      | Found a sacrificial altar of Ru.
   927 | D:2      | Noticed Terence
   956 | D:2      | Killed Terence
  1311 | D:2      | Reached XP level 4. HP: 41/42 MP: 4/4
  1348 | D:2      | Found a glowing golden altar of the Shining One.
  1794 | D:2      | Reached skill level 4 in Axes
  1800 | D:2      | Slain by an ooze

Vault maps used:
D:1:      shiori_shiawase
D:2:      cheibrodos_fertilizer, nicolae_overflow_crystal_walls,
          nicolae_ru_path_of_blood, uniq_terence

Skill      XL: |  1  2  3  4 |
---------------+-------------+-----
Armour         | 2 |  2.1
Dodging        | 2 |  2.1
Axes           | 4 |  4.0
Fighting       | |  3.5

Action                   |  1- 3 |  4- 6 || total
-------------------------+-------+-------++-------
Melee: Hand axe          |    89 |    43 ||   132
  Use: Scroll            |     6 |       ||     6
       Potion            |       |     2 ||     2
  Eat: Ration            |       |     1 ||     1
Armor: Ring mail         |    13 |       ||    13
       Plate armour      |    43 |    36 ||    79
Dodge: Dodged            |    19 |    12 ||    31

Table legend:
 A = Spawn XP
 B = Non-spawn XP
 C = Spawn XP percentage of total XP
 D = Spawn monster count
 E = Non-spawn monster count
 F = Spawn count percentage of total count
 G = Total turns spent on level
                    A         B        C        D         E        F      G
               +---------+---------+-------+---------+---------+-------+---------
         Total |       0 |     127 |   0.0 |       0 |      40 |   0.0 |  1800
               +---------+---------+-------+---------+---------+-------+---------
           D:1 |       0 |      32 |   0.0 |       0 |      13 |   0.0 |   697
           D:2 |       0 |      95 |   0.0 |       0 |      27 |   0.0 |  1103
               +---------+---------+-------+---------+---------+-------+---------
